Map: Alcyone LE

Players

eonblu

  • Race: Zerg Zerg
  • Spawn Location: 7:00

VITRyung (Ryung) - Winner!

  • Race: Terran Terran
  • Spawn Location: 1:00

Event: HomeStory Cup XXV

VOD

Have the link to the VOD?

Description

Time

  • Played on: June 21, 2024, 8:10 a.m.
  • Length: 11:26

All games in this series

Show
View Real Time Build Order
Export as new Build Order

eonblu Zerg 

Build Orders: Hatch First 

Get SALT Encoding   

  12  0:00  Drone  
  13  0:12  Overlord  
  13  0:20  Drone  
  14  0:31  Drone x2  
  16  0:49  Hatchery  
  15  0:51  Drone  
  15  0:55  Drone  
  17  1:05  Extractor  
  17  1:10  Spawning Pool  
  15  1:13  Drone  
  15  1:16  Drone  
  17  1:20  Drone  
  18  1:31  Drone  
  19  1:45  Overlord  
  19  1:57  Queen  
  19  1:58  Zergling x2  
  22  2:01  Zergling x2  
  22  2:02  Queen, Zergling x2  
  22  2:06  Metabolic Boost  
  26  2:11  Drone  
  26  2:14  Drone  
  28  2:27  Overlord  
  28  2:29  Drone  
  29  2:32  Drone  
  30  2:37  Spore Crawler  
  30  2:38  Drone  
  30  2:48  Queen  
  30  2:51  Drone x2  
  35  2:55  Queen  
  37  3:03  Zergling x4  
  39  3:09  Zergling x10  
  42  3:29  Overlord  
  44  3:34  Drone x2  
  44  3:38  Hatchery  
  43  3:42  Drone  
  43  3:43  Overlord  
  44  3:50  Drone x5  
  49  3:59  Drone x3  
  49  4:01  Extractor  
  50  4:03  Drone x2  
  51  4:12  Drone x2  
  53  4:20  Extractor  
  53  4:22  Roach Warren, Overlord  
  53  4:23  Overlord  
  51  4:26  Drone  
  51  4:28  Queen x2  
  52  4:33  Zergling x6  
  52  4:34  Zergling x2  
  56  4:39  Overlord  
  56  4:40  Drone  
  56  4:42  Drone  
  58  4:53  Zergling x6  
  58  4:54  Drone  
  58  4:58  Drone x3  
  65  5:01  Drone x3  
  65  5:02  Drone x2  
  69  5:15  Drone x3  
  69  5:21  Zergling x2  
  67  5:23  Lair  
  67  5:24  Drone x2  
  69  5:29  Evolution Chamber x2  
  69  5:31  Drone  
  68  5:36  Drone x2  
  74  5:43  Overlord  
  70  5:50  Queen  
  70  5:56  Roach, Zerg Ground Armor Level 1, Zerg Missile Weapons Level 1  
  70  5:57  Roach x8  
  90  6:00  Overlord x2  
  90  6:12  Overlord x3  
  90  6:20  Drone x2  
  90  6:21  Glial Reconstitution  
  90  6:23  Ravager x2  
  90  6:25  Zergling x8  
  97  6:30  Queen  
  99  6:39  Drone x8  
  107  6:42  Extractor x2  
  107  6:43  Extractor  
  107  6:44  Infestation Pit  
  103  6:49  Drone x2  
  103  6:53  Drone x8  
  111  6:56  Drone x2  
  109  7:06  Hatchery  
  107  7:11  Overlord x2  
  107  7:12  Roach x3  
  112  7:18  Overlord  
  112  7:19  Overlord x3  
  112  7:25  Infestor x2  
  112  7:26  Infestor  
  118  7:35  Roach x4  
  123  7:51  Drone x6  
  123  7:52  Drone  
  123  7:53  Drone x2  
  125  8:08  Drone x8  
  130  8:17  Roach  
  132  8:20  Hive  
  132  8:23  Zerg Melee Weapons Level 1  
  132  8:24  Baneling Nest  
  131  8:40  Overlord x2  
  131  8:41  Overlord  
  131  8:45  Zergling x10  
  131  8:46  Zergling x16  
  144  8:53  Overseer  
  144  8:54  Hatchery  
  144  9:02  Overlord  
  143  9:11  Zergling x30  
  143  9:14  Centrifugal Hooks  
  154  9:26  Roach x5  
  154  9:31  Baneling x23, Hatchery  
  164  9:35  Ultralisk Cavern  
  164  9:36  Roach x10  
  176  9:51  Evolution Chamber  
  173  9:57  Zergling x2, Overlord x2  
  173  9:58  Zergling x10  
  178  10:07  Overlord x3  
  176  10:16  Zergling x12  
  174  10:24  Ultralisk x4  
  166  10:31  Roach x5  
  166  10:32  Zergling x2  
  157  10:43  Zergling x20  
  157  10:52  Zergling x14  
  149  11:01  Zergling x2  
  149  11:02  Zergling x18  
Show
View Real Time Build Order
Export as new Build Order

VITRyung Terran - Winner!

Build Orders:  

Get SALT Encoding   

  12  0:00  SCV  
  13  0:12  SCV  
  14  0:17  Supply Depot  
  14  0:24  SCV  
  15  0:38  SCV  
  15  0:41  Barracks  
  16  0:43  Refinery  
  16  0:51  SCV  
  17  1:00  Barracks  
  17  1:03  SCV  
  18  1:15  SCV  
  19  1:28  Orbital Command, Reaper  
  20  1:36  Supply Depot  
  20  1:47  Reaper  
  21  1:53  SCV  
  22  2:02  Reaper  
  22  2:05  SCV  
  24  2:09  Command Center  
  24  2:18  SCV  
  24  2:19  Refinery  
  25  2:30  SCV  
  26  2:42  SCV  
  27  2:45  Factory  
  27  2:54  SCV, Barracks Reactor  
  28  3:02  Command Center  
  28  3:06  SCV  
  28  3:07  Barracks Tech Lab  
  29  3:18  SCV  
  30  3:25  Orbital Command  
  30  3:30  SCV  
  30  3:32  Marine  
  32  3:40  Hellion x2  
  36  3:42  Engineering Bay x2  
  36  3:47  SCV  
  37  3:53  SCV  
  38  3:59  SCV  
  43  4:03  Hellion x2  
  43  4:05  Stimpack  
  43  4:09  Barracks Reactor  
  43  4:12  SCV  
  43  4:13  SCV  
  45  4:19  Orbital Command  
  45  4:29  Hellion x2  
  45  4:30  Terran Infantry Weapons Level 1  
  49  4:33  Terran Infantry Armor Level 1  
  49  4:35  SCV  
  49  4:36  SCV  
  51  4:41  Starport  
  51  4:49  SCV  
  51  4:50  SCV x2  
  51  4:52  Supply Depot, Marine x2  
  56  4:53  Marine  
  56  4:57  Supply Depot  
  57  5:01  Orbital Command, SCV  
  57  5:02  SCV  
  59  5:10  Marine x2  
  58  5:20  SCV x2  
  58  5:22  Marine  
  58  5:25  Refinery x2  
  58  5:27  Marine  
  58  5:28  Marine  
  61  5:31  Medivac x2  
  61  5:33  SCV x2, Armory  
  61  5:34  SCV  
  68  5:36  Supply Depot  
  68  5:39  Marine  
  69  5:43  Factory Tech Lab  
  69  5:45  SCV x2, Marine x2  
  69  5:47  Combat Shield  
  69  5:49  Supply Depot  
  73  5:52  SCV  
  74  5:57  SCV x2  
  74  6:02  Marine, Barracks  
  74  6:03  Marine x2, Barracks  
  79  6:04  Barracks  
  79  6:09  Siege Tank  
  82  6:11  SCV x3  
  82  6:16  Supply Depot, Hellion x4  
  85  6:20  Marine  
  85  6:21  Marine  
  87  6:27  SCV x3  
  87  6:28  Terran Infantry Armor Level 2, Terran Infantry Weapons Level 2  
  87  6:29  Marine  
  91  6:39  SCV  
  93  6:40  SCV x2  
  93  6:41  Siege Tank  
  93  6:44  Supply Depot  
  93  6:45  Refinery  
  97  6:47  Marine  
  97  6:48  Supply Depot, Marine x2  
  97  6:49  Barracks Reactor  
  97  6:50  Barracks Reactor  
  100  6:56  SCV  
  100  7:00  Bunker  
  101  7:03  Barracks Reactor  
  101  7:05  Marine  
  101  7:06  SCV x2  
  104  7:10  Terran Vehicle Weapons Level 1  
  104  7:12  SCV, Marine x2  
  104  7:14  Supply Depot  
  104  7:15  Siege Tank  
  110  7:18  SCV x2  
  112  7:23  Marine  
  112  7:26  Marine x3  
  112  7:28  Marine, Command Center  
  117  7:31  Factory  
  117  7:32  Supply Depot  
  117  7:40  Medivac  
  117  7:43  Marine  
  117  7:44  Marine x2  
  121  7:45  Supply Depot, Marine  
  121  7:46  Marine  
  121  7:47  Siege Tank  
  125  7:53  Marine x4  
  125  7:56  Supply Depot  
  125  7:57  Supply Depot  
  125  7:59  Medivac  
  125  8:01  Marine x3  
  125  8:03  Marine  
  125  8:04  Marine  
  129  8:11  Marine x4  
  129  8:13  SCV x2, Sensor Tower  
  129  8:14  SCV  
  129  8:15  Factory Tech Lab  
  129  8:19  Marine x3  
  135  8:21  Marine  
  136  8:30  Barracks  
  136  8:31  Barracks  
  136  8:32  Barracks  
  136  8:34  Siege Tank x2  
  136  8:35  Medivac x2  
  146  8:42  Marine x2  
  146  8:46  Terran Infantry Weapons Level 3  
  146  8:47  Marine x4  
  152  8:49  Marine  
  152  8:51  Supply Depot  
  152  8:53  Supply Depot  
  152  8:54  Refinery  
  153  9:01  Marine x2  
  155  9:11  Marine x2  
  155  9:12  Marine x2  
  159  9:17  Siege Tank  
  159  9:22  Command Center  
  162  9:26  SCV  
  162  9:27  SCV x2  
  162  9:28  Planetary Fortress  
  162  9:30  Barracks Tech Lab x2  
  165  9:33  Barracks Tech Lab  
  165  9:40  Marine x6  
  165  9:41  Marine x2  
  170  9:47  Siege Tank  
  170  9:48  Marine x2  
  170  9:49  Siege Tank, Marine  
  170  9:52  Medivac  
  180  9:54  SCV x3  
  180  9:56  Marine  
  180  9:58  Marine x3  
  180  9:59  Concussive Shells  
  187  10:03  Refinery  
  187  10:05  Refinery  
  187  10:13  Marine x2  
  189  10:17  Marauder x2  
  189  10:19  Marine x2  
  192  10:21  Marine  
  192  10:22  Marine  
  192  10:23  Marine x2  
  192  10:24  Marauder x2  
  192  10:27  Siege Tank  
  192  10:28  Siege Tank  
  196  10:30  Marine  
  196  10:33  Marine  
  188  10:37  Marine x2  
  188  10:38  Marauder x2  
  188  10:39  Marine  
  192  10:45  Marauder x2  
  192  10:49  Marine x2  
  193  10:52  Marine  
  193  10:53  Marine x2  
  193  10:54  Marine  
  193  10:55  Marine  
  192  10:59  Marine, Marauder  
  192  11:00  Marauder  
  197  11:07  Marine x2  
Tags
 
Add a new tag
Caveats
  • Supply blocks, unpowered buildings, or Contaminate may cause inaccurate times.
  • Supply counts are checked every 10 seconds.